Canucks vs Blues (R1)

Created - March 13, 2022 at 19:14

Goals
1 2 3 OT1 SO T
Canucks 0 1 1 0 1 2
Blues 1 1 0 0 2 3
Shots
1 2 3 OT1 SO T
Canucks 14 10 8 1 3 33
Blues 11 8 9 1 2 29

1st period

1. Blues , Linus Omark 6 (Anthony Mantha 9, Ryan Murray 13) at 18:24

Penalties :
Ladislav Smid (Stl) for Roughing (Minor) at 14:37

2nd period

2. Blues , Linus Omark 7 (Alex Pietrangelo 39, Cody Ceci 9) at 9:52
3. Canucks , Alex Goligoski 9 (Derek Roy 22, Drew Doughty 39) at 12:42 (PP)

Penalties :
Nick Palmieri (Van) for Hooking (Minor) at 1:12, Linus Omark (Stl) for Hooking (Minor) at 3:33, Filip Forsberg (Stl) for Hooking (Minor) at 11:59

3rd period

4. Canucks , Maxim Talbot 9 (Drew Doughty 40) at 2:54

Penalties :
Sam Gagner (Van) for Cross-checking (Minor) at 5:07, Jacob Slavin (Stl) for Tripping (Minor) at 14:02, Robert Nilsson (Van) for Roughing (Minor) at 18:28

Overtime #1

No Goal

Penalties :
No Penalty

Shootout

Canucks, Derek Roy - Goal!
Blues, David Perron - Goal!
Canucks, Robert Nilsson - Shot Misses the Net
Blues, Auston Matthews - Goal!
Canucks, Drew Doughty - Shot Misses the Net

Penalties :
No Penalty

Goalie Stats

Keith Kinkaid (Van), 27 saves from 29 shots - (0.931), OTL, 3-5-1, 65:00 minutes
Carey Price (Stl), 31 saves from 33 shots - (0.939), W, 21-10-3, 65:00 minutes

Players Stats for Canucks

Player Name              G  A  P  +/- PIM S  H  SB GA TA FO     MP     PP MP  PK MP  
------------------------------------------------------------------------------------
Alex Goligoski           1  0  1  -2  0   2  2  1  1  0  0/0    26:03   4:03   2:08 
Alexander Steen          0  0  0   0  0   1  2  0  0  0  0/0     7:21   0:00   1:42 
Christian Fischer        0  0  0   0  0   0  0  0  0  0  0/0     6:29   0:03   0:00 
Cody Eakin               0  0  0   0  0   2  0  0  0  0  0/2    11:20   0:00   0:56 
Corey Perry              0  0  0  -1  0   0  1  1  1  0  0/2    23:21   3:29   0:00 
Derek Roy                0  1  1   0  0   2  4  1  0  0  6/14   19:08   3:08   1:20 
Drew Doughty             0  2  2   1  0   3  0  1  0  1  0/0    30:00   4:03   2:43 
Fabian Brunnstrom        0  0  0   0  0   0  3  0  0  0  2/3    12:02   0:06   0:00 
Jamie Benn               0  0  0   0  0   3  4  0  0  0  0/0    16:17   3:08   0:00 
Jason Akeson             0  0  0   0  0   0  0  1  1  0  0/0    11:48   0:03   0:00 
Jeff Schultz             0  0  0   0  0   0  1  1  1  0  0/0    13:46   2:37   0:00 
Maxim Talbot             1  0  1   0  0   3  0  0  0  0  2/4     8:59   0:00   3:02 
Michael Kostka           0  0  0   1  0   5  3  2  1  1  0/0    26:33   0:00   3:49 
Nick Palmieri            0  0  0   0  2   5  1  0  0  0  0/0    18:23   3:08   2:06 
Robert Nilsson           0  0  0  -1  2   3  2  1  1  0  18/38  25:40   3:26   2:20 
Sam Gagner               0  0  0  -1  2   4  5  0  0  0  0/3    23:12   3:29   0:00 
Shea Weber               0  0  0   0  0   0  0  0  0  0  0/0     8:59   0:00   0:00 
Yann Sauvé               0  0  0  -2  0   0  0  3  0  0  0/0    24:39   2:37   3:14 

Players Stats for Blues

Player Name              G  A  P  +/- PIM S  H  SB GA TA FO     MP     PP MP  PK MP  
------------------------------------------------------------------------------------
Alex Pietrangelo         0  1  1   0  0   3  4  3  0  0  0/0    27:40   3:55   1:29 
Anthony Mantha           0  1  1   2  0   1  0  1  1  0  1/1    14:29   0:00   0:00 
Auston Matthews          0  0  0   2  0   0  0  0  0  1  5/7    13:51   0:00   0:00 
Brandon Montour          0  0  0   1  0   1  0  0  0  0  0/0    16:37   1:34   0:00 
Cody Ceci                0  1  1   0  0   0  2  0  1  1  0/0    21:30   0:00   4:19 
David Perron             0  0  0   0  0   2  3  1  0  0  0/0    15:16   2:24   0:33 
Devin Shore              0  0  0   0  0   0  1  0  0  0  3/9    13:52   2:24   0:00 
Drew Shore               0  0  0   0  0   1  3  0  0  2  7/10   13:13   0:00   4:21 
Filip Forsberg           0  0  0  -1  2   1  2  0  0  0  0/1    20:28   3:05   0:00 
Jacob Slavin             0  0  0   0  2   1  3  0  0  1  0/0    20:59   3:55   1:55 
Ladislav Smid            0  0  0   0  2   0  3  1  0  0  0/0    14:38   0:00   1:18 
Linus Omark              2  0  2   2  2   5  1  1  0  0  0/0    13:25   0:00   0:00 
Nicklas Backstrom        0  0  0  -1  0   5  2  1  0  0  18/32  20:34   3:05   0:00 
Patrick Kaleta           0  0  0   0  0   0  1  0  0  0  0/1     9:41   0:00   1:46 
Riley Sheahan            0  0  0   0  0   0  2  2  0  0  1/2    16:49   2:24   1:46 
Ryan Murray              0  1  1   1  0   1  2  2  0  1  0/0    27:01   1:34   4:19 
Samuel Morin             0  0  0   0  0   0  0  0  0  0  0/0     9:08   0:00   0:33 
Tyler Johnson            0  0  0  -1  0   8  3  0  0  0  3/3    24:05   3:05   4:21 

3 Stars

1 - Linus Omark (Stl)
2 - Carey Price (Stl)
3 - Alex Pietrangelo (Stl)

Power Play

Canucks - 1 on 4 Attempt(s) - 25.00%
Blues - 0 on 3 Attempt(s) - 0.00%

Penalty Kill

Canucks - 3 on 3 Attempt(s) - 100.00% - Score 0 goal in Penalty Kill
Blues - 3 on 4 Attempt(s) - 75.00% - Score 0 goal in Penalty Kill

Team Stat

Canucks - Hits : 28 - Faceoff Wins : 28 - Blocked Shots : 12 - Penalty Minutes : 6
Blues - Hits : 32 - Faceoff Wins : 38 - Blocked Shots : 12 - Penalty Minutes : 8

Official

Referees : Garrett Rank and Pierre Lambert
Linesman : Ryan Gibbons and Jonny Murray

Game Notes

No Game Note

Finance

Level 1 -- Attendance: 6000 (100.00%) -- Ticket Income $600,000
Level 2 -- Attendance: 5000 (100.00%) -- Ticket Income $300,000
Level 3 -- Attendance: 1927 (96.35%) -- Ticket Income $67,445
Level 4 -- Attendance: 3899 (97.48%) -- Ticket Income $97,475
Luxury Box -- Attendance: 1000 (100.00%) -- Ticket Income $200,000
Game was played at the Enterprise Center.
Total Attendance: 17826 (99.03%)
Total Ticket Income: $1,264,920
Other Income: $189,738
Total Income: $1,454,658

Canucks

5 vs 5 Forward 
   Center                   Left Wing                Right Wing               Time % Phy DF OF 
 1 Robert Nilsson           Sam Gagner               Corey Perry              56     2   0  3  
 2 Derek Roy                Jamie Benn               Nick Palmieri            30     1   2  2  
 3 Cody Eakin               Fabian Brunnstrom        Jason Akeson             9      2   3  0  
 4 Maxim Talbot             Alexander Steen          Christian Fischer        5      2   3  0  

5 vs 5 Defense 
   Defense                  Defense                                           Time % Phy DF OF 
 1 Drew Doughty             Michael Kostka                                    50     1   2  2  
 2 Alex Goligoski           Yann Sauvé                                        35     0   3  2  
 3 Jeff Schultz             Shea Weber                                        10     1   3  1  
 4 Drew Doughty             Alex Goligoski                                    5      0   2  3  

PowerPlay Forward 
   Center                   Left Wing                Right Wing               Time % Phy DF OF 
 1 Robert Nilsson           Sam Gagner               Corey Perry              70     0   0  5  
 2 Derek Roy                Jamie Benn               Nick Palmieri            30     0   2  3  

PowerPlay Defense
   Defense                  Defense                                           Time % Phy DF OF 
 1 Drew Doughty             Alex Goligoski                                    60     0   0  5  
 2 Yann Sauvé               Jeff Schultz                                      40     0   0  5  

Penalty Kill 4 Players Forward 
   Center                   Wing                     Time % Phy DF OF 
 1 Robert Nilsson           Nick Palmieri            60     2   3  0  
 2 Derek Roy                Sam Gagner               40     3   2  0  

Penalty Kill 4 Players Defense
   Defense                  Defense                  Time % Phy DF OF 
 1 Michael Kostka           Yann Sauvé               60     3   2  0  
 2 Alex Goligoski           Drew Doughty             40     2   3  0  

Penalty Kill - 3 Players Forward 
   Forward                                           Time % Phy DF OF 
 1 Robert Nilsson                                    60     1   2  2  
 2 Derek Roy                                         40     1   2  2  

Penalty Kill - 3 Players Defense
   Defense                  Defense                  Time % Phy DF OF 
 1 Yann Sauvé               Michael Kostka           65     1   2  2  
 2 Alex Goligoski           Drew Doughty             35     1   2  2  

4 vs 4 Forward 
   Center                   Wing                     Time % Phy DF OF 
 1 Robert Nilsson           Sam Gagner               60     1   2  2  
 2 Derek Roy                Corey Perry              40     1   2  2  

4 vs 4 Defense
   Defense                  Defense                  Time % Phy DF OF 
 1 Michael Kostka           Drew Doughty             60     1   2  2  
 2 Alex Goligoski           Yann Sauvé               40     1   2  2  

Last Minutes Offensive
   Center                   Left Wing                Right Wing               Defense                  Defense                  
   Robert Nilsson           Sam Gagner               Nick Palmieri            Jeff Schultz             Alex Goligoski           

Last Minutes Defensive
   Center                   Left Wing                Right Wing               Defense                  Defense                  
   Robert Nilsson           Sam Gagner               Corey Perry              Michael Kostka           Yann Sauvé               

Goaltenders
Starting : Keith Kinkaid            
Backup : Pekka Rinne              

Extra Forwards
Normal : Fabian Brunnstrom, Jason Akeson, Maxim Talbot - PP : Fabian Brunnstrom, Jason Akeson - PK : Maxim Talbot
Extra Defensemen
Normal : Drew Doughty, Yann Sauvé, Michael Kostka - PP : Drew Doughty - PK : Yann Sauvé, Michael Kostka
Penalty Shots
Derek Roy, Robert Nilsson, Drew Doughty, Sam Gagner, Corey Perry

Scratches
Simon Despres (Healthy)

Blues

5 vs 5 Forward 
   Center                   Left Wing                Right Wing               Time % Phy DF OF 
 1 Nicklas Backstrom        Filip Forsberg           Tyler Johnson            40     1   2  2  
 2 Devin Shore              David Perron             Riley Sheahan            30     1   2  2  
 3 Auston Matthews          Linus Omark              Anthony Mantha           20     1   2  2  
 4 Drew Shore               Samuel Morin             Patrick Kaleta           10     1   2  2  

5 vs 5 Defense 
   Defense                  Defense                                           Time % Phy DF OF 
 1 Alex Pietrangelo         Ryan Murray                                       40     1   2  2  
 2 Jacob Slavin             Cody Ceci                                         30     1   2  2  
 3 Brandon Montour          Ladislav Smid                                     20     1   2  2  
 4 Ryan Murray              Alex Pietrangelo                                  10     1   2  2  

PowerPlay Forward 
   Center                   Left Wing                Right Wing               Time % Phy DF OF 
 1 Nicklas Backstrom        Filip Forsberg           Tyler Johnson            60     1   2  2  
 2 Devin Shore              David Perron             Riley Sheahan            40     1   2  2  

PowerPlay Defense
   Defense                  Defense                                           Time % Phy DF OF 
 1 Alex Pietrangelo         Jacob Slavin                                      60     1   2  2  
 2 Brandon Montour          Ryan Murray                                       40     1   2  2  

Penalty Kill 4 Players Forward 
   Center                   Wing                     Time % Phy DF OF 
 1 Drew Shore               Tyler Johnson            60     1   2  2  
 2 Riley Sheahan            Patrick Kaleta           40     1   2  2  

Penalty Kill 4 Players Defense
   Defense                  Defense                  Time % Phy DF OF 
 1 Cody Ceci                Ryan Murray              60     1   2  2  
 2 Ladislav Smid            Jacob Slavin             40     1   2  2  

Penalty Kill - 3 Players Forward 
   Forward                                           Time % Phy DF OF 
 1 Riley Sheahan                                     60     1   2  2  
 2 Drew Shore                                        40     1   2  2  

Penalty Kill - 3 Players Defense
   Defense                  Defense                  Time % Phy DF OF 
 1 Cody Ceci                Ladislav Smid            60     1   2  2  
 2 Ryan Murray              Jacob Slavin             40     1   2  2  

4 vs 4 Forward 
   Center                   Wing                     Time % Phy DF OF 
 1 Nicklas Backstrom        Filip Forsberg           60     1   2  2  
 2 Drew Shore               Tyler Johnson            40     1   2  2  

4 vs 4 Defense
   Defense                  Defense                  Time % Phy DF OF 
 1 Alex Pietrangelo         Cody Ceci                60     1   2  2  
 2 Brandon Montour          Ryan Murray              40     1   2  2  

Last Minutes Offensive
   Center                   Left Wing                Right Wing               Defense                  Defense                  
   Nicklas Backstrom        Filip Forsberg           Tyler Johnson            Alex Pietrangelo         Jacob Slavin             

Last Minutes Defensive
   Center                   Left Wing                Right Wing               Defense                  Defense                  
   Drew Shore               David Perron             Tyler Johnson            Cody Ceci                Ladislav Smid            

Goaltenders
Starting : Carey Price              
Backup : Joonas Korpisalo         

Extra Forwards
Normal : Anthony Mantha, Auston Matthews, Samuel Morin - PP : Anthony Mantha, Devin Shore - PK : Samuel Morin
Extra Defensemen
Normal : Jacob Slavin, Brandon Montour, Ladislav Smid - PP : Brandon Montour - PK : Alex Pietrangelo, Brandon Montour
Penalty Shots
David Perron, Auston Matthews, Devin Shore, Filip Forsberg, Tyler Johnson

Scratches
Eric Nystrom (Healthy), Martin Marincin (Healthy), Peter Regin (Healthy)

% Time on Ice - Canucks

Lines # - Real PCT - Wanted PCT - Time Play
Normal Forward
1 - 40% - 56% - 19:10
2 - 28% - 30% - 13:10
3 - 21% - 9% - 9:52
4 - 12% - 5% - 5:39
Normal Defense
1 - 44% - 50% - 21:01
2 - 35% - 35% - 16:42
3 - 19% - 10% - 8:59
4 - 2% - 5% - 1:09
PP Forward
1 - 53% - 70% - 3:32
2 - 47% - 30% - 3:08
PP Defense
1 - 61% - 60% - 4:03
2 - 39% - 40% - 2:37
PK Forward
1 - 88% - 60% - 4:48
2 - 12% - 40% - 0:41
PK Defense
1 - 61% - 60% - 3:21
2 - 39% - 40% - 2:08
PK3 Forward
1 - 100% - 60% - 0:28
2 - 0% - 40% - 0:00
PK3 Defense
1 - 100% - 65% - 0:28
2 - 0% - 35% - 0:00
44 Forward
1 - 67% - 60% - 3:02
2 - 33% - 40% - 1:30
44 Defense
1 - 65% - 60% - 2:56
2 - 35% - 40% - 1:36
Last Minute Offensive  - 0:00
Last Minute Defensive  - 0:00
Total
Forward - 65:00
Defense - 65:00

% Time on Ice - Blues

Lines # - Real PCT - Wanted PCT - Time Play
Normal Forward
1 - 32% - 40% - 15:23
2 - 27% - 30% - 12:58
3 - 27% - 20% - 12:47
4 - 14% - 10% - 6:43
Normal Defense
1 - 37% - 40% - 17:52
2 - 33% - 30% - 15:42
3 - 27% - 20% - 12:46
4 - 3% - 10% - 1:31
PP Forward
1 - 56% - 60% - 3:05
2 - 44% - 40% - 2:24
PP Defense
1 - 71% - 60% - 3:55
2 - 29% - 40% - 1:34
PK Forward
1 - 74% - 60% - 4:54
2 - 27% - 40% - 1:46
PK Defense
1 - 65% - 60% - 4:19
2 - 35% - 40% - 2:21
PK3 Forward
1 - 0% - 60%
2 - 0% - 40%
PK3 Defense
1 - 0% - 60%
2 - 0% - 40%
44 Forward
1 - 75% - 60% - 3:44
2 - 25% - 40% - 1:16
44 Defense
1 - 54% - 60% - 2:43
2 - 46% - 40% - 2:17
Last Minute Offensive  - 0:00
Last Minute Defensive  - 0:00
Total
Forward - 65:00
Defense - 65:00

Play-by-Play

1st period


0:01 of 1st period - Nicklas Backstrom wins face-off versus Robert Nilsson in neutral zone.
0:16 of 1st period - Wrist shot by Drew Doughty.
0:16 of 1st period - Stopped by Carey Price with a rebound.
0:26 of 1st period - Michael Kostka is hit by Ryan Murray and loses puck.
0:43 of 1st period - Icing by Devin Shore.
0:44 of 1st period - Devin Shore wins face-off versus Cody Eakin in Blues zone.
0:53 of 1st period - Wrist shot by Auston Matthews.
0:53 of 1st period - Shot Blocked by Jason Akeson.
1:12 of 1st period - Wrist shot by Drew Shore.
1:12 of 1st period - Shot Blocked by Yann Sauvé.
1:14 of 1st period - Slapshot by Jacob Slavin.
1:14 of 1st period - Stopped by Keith Kinkaid with a rebound.
1:16 of 1st period - Snap shot by Drew Shore.
1:16 of 1st period - Shot Misses the Net.
2:14 of 1st period - Snap shot by Cody Eakin.
2:14 of 1st period - Stopped by Carey Price with a rebound.
2:16 of 1st period - Slapshot by Michael Kostka.
2:16 of 1st period - Stopped by Carey Price with a rebound.
2:34 of 1st period - Robert Nilsson is hit by Tyler Johnson and loses puck.
2:57 of 1st period - Snap shot by Linus Omark.
2:57 of 1st period - Stopped by Keith Kinkaid without a rebound.
2:58 of 1st period - Auston Matthews wins face-off versus Derek Roy in Canucks zone.
3:01 of 1st period - Slapshot by Linus Omark.
3:01 of 1st period - Shot Misses the Net.
3:13 of 1st period - Wrist shot by Linus Omark.
3:13 of 1st period - Stopped by Keith Kinkaid without a rebound.
3:14 of 1st period - Tyler Johnson wins face-off versus Corey Perry in Canucks zone.
3:43 of 1st period - Wrist shot by Alex Pietrangelo.
3:43 of 1st period - Shot Misses the Net.
3:45 of 1st period - Slapshot by Ryan Murray.
3:45 of 1st period - Stopped by Keith Kinkaid without a rebound.
3:46 of 1st period - Robert Nilsson wins face-off versus Drew Shore in Canucks zone.
3:59 of 1st period - Wrist shot by Sam Gagner.
3:59 of 1st period - Shot Misses the Net.
4:31 of 1st period - Michael Kostka is hit by Nicklas Backstrom and loses puck.
4:40 of 1st period - Slapshot by Alexander Steen.
4:40 of 1st period - Stopped by Carey Price with a rebound.
5:11 of 1st period - Off-side.
5:12 of 1st period - Auston Matthews wins face-off versus Fabian Brunnstrom in neutral zone.
5:55 of 1st period - Slapshot by Anthony Mantha.
5:55 of 1st period - Shot Misses the Net.
6:03 of 1st period - Wrist shot by Cody Eakin.
6:03 of 1st period - Stopped by Carey Price without a rebound.
6:04 of 1st period - Robert Nilsson wins face-off versus Nicklas Backstrom in Blues zone.
6:30 of 1st period - Nick Palmieri is hit by Alex Pietrangelo and loses puck.
7:04 of 1st period - Wrist shot by Nick Palmieri.
7:04 of 1st period - Stopped by Carey Price with a rebound.
7:06 of 1st period - Slapshot by Jeff Schultz.
7:06 of 1st period - Deflect By Derek Roy.
7:06 of 1st period - Shot Misses the Net.
7:06 of 1st period - Puck is out of play.
7:07 of 1st period - Nicklas Backstrom wins face-off versus Robert Nilsson in Blues zone.
7:07 of 1st period - Nicklas Backstrom is hit by Sam Gagner.
7:15 of 1st period - Robert Nilsson is hit by Nicklas Backstrom and loses puck.
8:41 of 1st period - Snap shot by Nick Palmieri.
8:41 of 1st period - Stopped by Carey Price with a rebound.
8:43 of 1st period - Slapshot by Nick Palmieri.
8:43 of 1st period - Stopped by Carey Price without a rebound.
8:44 of 1st period - Nicklas Backstrom wins face-off versus Derek Roy in Blues zone.
9:11 of 1st period - Sam Gagner is hit by Riley Sheahan and loses puck.
9:39 of 1st period - Jeff Schultz is hit by Ladislav Smid and loses puck.
9:58 of 1st period - Jacob Slavin is hit by Nick Palmieri and loses puck.
10:15 of 1st period - Icing by Shea Weber.
10:16 of 1st period - Nicklas Backstrom wins face-off versus Derek Roy in Canucks zone.
10:23 of 1st period - Wrist shot by Tyler Johnson.
10:23 of 1st period - Stopped by Keith Kinkaid with a rebound.
10:25 of 1st period - Slapshot by Tyler Johnson.
10:25 of 1st period - Stopped by Keith Kinkaid without a rebound.
10:26 of 1st period - Nicklas Backstrom wins face-off versus Robert Nilsson in Canucks zone.
10:58 of 1st period - Slapshot by David Perron.
10:58 of 1st period - Shot Misses the Net.
11:00 of 1st period - Slapshot by Alex Pietrangelo.
11:00 of 1st period - Deflect By Riley Sheahan.
11:00 of 1st period - Shot Blocked by Michael Kostka.
11:00 of 1st period - Puck is out of play.
11:01 of 1st period - Robert Nilsson wins face-off versus Devin Shore in Canucks zone.
11:01 of 1st period - Robert Nilsson is hit by Jacob Slavin.
11:08 of 1st period - Off-side.
11:09 of 1st period - Robert Nilsson wins face-off versus Devin Shore in neutral zone.
11:43 of 1st period - Icing by Alex Goligoski.
11:44 of 1st period - Robert Nilsson wins face-off versus Nicklas Backstrom in Canucks zone.
12:09 of 1st period - Tyler Johnson is hit by Robert Nilsson and loses puck.
12:48 of 1st period - Slapshot by Alex Pietrangelo.
12:48 of 1st period - Shot Blocked by Yann Sauvé.
12:50 of 1st period - Wrist shot by Tyler Johnson.
12:50 of 1st period - Shot Misses the Net.
12:52 of 1st period - Wrist shot by Tyler Johnson.
12:52 of 1st period - Stopped by Keith Kinkaid with a rebound.
12:54 of 1st period - Snap shot by Tyler Johnson.
12:54 of 1st period - Stopped by Keith Kinkaid with a rebound.
13:02 of 1st period - Snap shot by Tyler Johnson.
13:02 of 1st period - Shot Blocked by Alex Goligoski.
13:04 of 1st period - Wrist shot by Nicklas Backstrom.
13:04 of 1st period - Shot Misses the Net.
13:06 of 1st period - Slapshot by Ryan Murray.
13:06 of 1st period - Shot Blocked by Robert Nilsson.
13:08 of 1st period - Backhand shot by Filip Forsberg.
13:08 of 1st period - Shot Misses the Net.
13:13 of 1st period - Snap shot by Tyler Johnson.
13:13 of 1st period - Deflect By Nicklas Backstrom.
13:13 of 1st period - Shot Misses the Net.
13:13 of 1st period - Puck is out of play.
13:14 of 1st period - Auston Matthews wins face-off versus Derek Roy in Canucks zone.
13:30 of 1st period - Drew Doughty is hit by Cody Ceci and loses puck.
13:42 of 1st period - Jacob Slavin is hit by Derek Roy and loses puck.
14:08 of 1st period - Slapshot by Drew Doughty.
14:08 of 1st period - Stopped by Carey Price without a rebound.
14:09 of 1st period - Devin Shore wins face-off versus Maxim Talbot in Blues zone.
14:37 of 1st period - Minor Penalty to Ladislav Smid for Roughing.
14:38 of 1st period - Derek Roy wins face-off versus Drew Shore in Blues zone.
14:41 of 1st period - Snap shot by Alex Goligoski.
14:41 of 1st period - Stopped by Carey Price without a rebound.
14:42 of 1st period - Drew Shore wins face-off versus Derek Roy in Blues zone.
14:49 of 1st period - Derek Roy is hit by Drew Shore and loses puck.
15:18 of 1st period - Icing by Robert Nilsson.
15:19 of 1st period - Riley Sheahan wins face-off versus Robert Nilsson in Canucks zone.
16:37 of 1st period - Penalty to Ladislav Smid is over, Ladislav Smid is back on ice.
16:58 of 1st period - Fabian Brunnstrom is hit by Patrick Kaleta and loses puck.
17:39 of 1st period - Michael Kostka is hit by Jacob Slavin and loses puck.
18:11 of 1st period - Sam Gagner is hit by Drew Shore and loses puck.
18:24 of 1st period - Snap shot by Linus Omark.
18:24 of 1st period - Goal by Linus Omark - Canucks : 0 - Blues : 1.
18:25 of 1st period - Tyler Johnson wins face-off versus Robert Nilsson in neutral zone.
19:02 of 1st period - Slapshot by Jamie Benn.
19:02 of 1st period - Stopped by Carey Price with a rebound.
19:14 of 1st period - Anthony Mantha is hit by Fabian Brunnstrom and loses puck.
19:21 of 1st period - Wrist shot by Cody Eakin.
19:21 of 1st period - Shot Blocked by Linus Omark.
19:23 of 1st period - Slapshot by Michael Kostka.
19:23 of 1st period - Stopped by Carey Price without a rebound.
19:24 of 1st period - Robert Nilsson wins face-off versus Nicklas Backstrom in Blues zone.
19:25 of 1st period - Snap shot by Sam Gagner.
19:25 of 1st period - Stopped by Carey Price with a rebound.
19:37 of 1st period - Wrist shot by Tyler Johnson.
19:37 of 1st period - Deflect By Robert Nilsson.
19:37 of 1st period - Stopped by Keith Kinkaid with a rebound.
19:39 of 1st period - Snap shot by Nicklas Backstrom.
19:39 of 1st period - Stopped by Keith Kinkaid with a rebound.
19:41 of 1st period - Snap shot by Tyler Johnson.
19:41 of 1st period - Shot Misses the Net.
19:56 of 1st period - Wrist shot by Sam Gagner.
19:56 of 1st period - Stopped by Carey Price with a rebound.
19:58 of 1st period - Slapshot by Alex Goligoski.
19:58 of 1st period - Shot Misses the Net.
Goals for this period are 0 for Canucks vs 1 for Blues.
Shots for this period are 14 for Canucks vs 11 for Blues.

2nd period


0:01 of 2nd period - Nicklas Backstrom wins face-off versus Sam Gagner in neutral zone.
0:30 of 2nd period - Off-side.
0:31 of 2nd period - Derek Roy wins face-off versus Riley Sheahan in neutral zone.
0:36 of 2nd period - Snap shot by Derek Roy.
0:36 of 2nd period - Stopped by Carey Price without a rebound.
0:37 of 2nd period - Robert Nilsson wins face-off versus Devin Shore in Blues zone.
1:09 of 2nd period - Snap shot by David Perron.
1:09 of 2nd period - Stopped by Keith Kinkaid without a rebound.
1:10 of 2nd period - Derek Roy wins face-off versus Nicklas Backstrom in Canucks zone.
1:12 of 2nd period - Minor Penalty to Nick Palmieri for Hooking.
1:13 of 2nd period - Nicklas Backstrom wins face-off versus Robert Nilsson in Canucks zone.
1:15 of 2nd period - Backhand shot by Nicklas Backstrom.
1:15 of 2nd period - Stopped by Keith Kinkaid with a rebound.
1:17 of 2nd period - Snap shot by Filip Forsberg.
1:17 of 2nd period - Shot Misses the Net.
1:25 of 2nd period - Wrist shot by Filip Forsberg.
1:25 of 2nd period - Deflect By Nicklas Backstrom.
1:25 of 2nd period - Shot Misses the Net.
1:25 of 2nd period - Puck is out of play.
1:26 of 2nd period - Robert Nilsson wins face-off versus Nicklas Backstrom in Canucks zone.
1:39 of 2nd period - Michael Kostka is hit by Tyler Johnson and loses puck.
2:05 of 2nd period - Slapshot by Alex Pietrangelo.
2:05 of 2nd period - Stopped by Keith Kinkaid without a rebound.
2:06 of 2nd period - Robert Nilsson wins face-off versus Devin Shore in Canucks zone.
2:17 of 2nd period - Robert Nilsson is hit by David Perron and loses puck.
3:12 of 2nd period - Penalty to Nick Palmieri is over, Nick Palmieri is back on ice.
3:33 of 2nd period - Minor Penalty to Linus Omark for Hooking.
3:34 of 2nd period - Drew Shore wins face-off versus Robert Nilsson in Blues zone.
3:53 of 2nd period - Drew Shore is hit by Jamie Benn and loses puck.
4:32 of 2nd period - Alex Goligoski is hit by Jacob Slavin and loses puck.
5:01 of 2nd period - Corey Perry is hit by Ryan Murray.
5:33 of 2nd period - Penalty to Linus Omark is over, Linus Omark is back on ice.
5:47 of 2nd period - Jeff Schultz is hit by Riley Sheahan and loses puck.
6:00 of 2nd period - Wrist shot by Riley Sheahan.
6:00 of 2nd period - Shot Blocked by Jeff Schultz.
6:11 of 2nd period - Fabian Brunnstrom is hit by Linus Omark and loses puck.
6:28 of 2nd period - Snap shot by Fabian Brunnstrom.
6:28 of 2nd period - Shot Blocked by Alex Pietrangelo.
6:30 of 2nd period - Wrist shot by Jeff Schultz.
6:30 of 2nd period - Shot Blocked by Riley Sheahan.
6:32 of 2nd period - Wrist shot by Michael Kostka.
6:32 of 2nd period - Stopped by Carey Price without a rebound.
6:33 of 2nd period - Derek Roy wins face-off versus Nicklas Backstrom in Blues zone.
6:36 of 2nd period - Wrist shot by Nick Palmieri.
6:36 of 2nd period - Stopped by Carey Price with a rebound.
7:47 of 2nd period - Alex Goligoski is hit by Filip Forsberg and loses puck.
8:16 of 2nd period - Slapshot by Yann Sauvé.
8:16 of 2nd period - Shot Misses the Net.
8:18 of 2nd period - Snap shot by Derek Roy.
8:18 of 2nd period - Shot Blocked by Ryan Murray.
8:20 of 2nd period - Slapshot by Derek Roy.
8:20 of 2nd period - Shot Blocked by David Perron.
9:52 of 2nd period - Snap shot by Linus Omark.
9:52 of 2nd period - Goal by Linus Omark - Canucks : 0 - Blues : 2.
9:53 of 2nd period - Robert Nilsson wins face-off versus Nicklas Backstrom in neutral zone.
9:56 of 2nd period - Backhand shot by Michael Kostka.
9:56 of 2nd period - Stopped by Carey Price with a rebound.
10:28 of 2nd period - Wrist shot by Riley Sheahan.
10:28 of 2nd period - Deflect By David Perron.
10:28 of 2nd period - Shot Misses the Net.
10:28 of 2nd period - Puck is out of play.
10:29 of 2nd period - Nicklas Backstrom wins face-off versus Robert Nilsson in Canucks zone.
10:32 of 2nd period - Snap shot by Nicklas Backstrom.
10:32 of 2nd period - Stopped by Keith Kinkaid with a rebound.
10:34 of 2nd period - Snap shot by Tyler Johnson.
10:34 of 2nd period - Stopped by Keith Kinkaid without a rebound.
10:35 of 2nd period - Nicklas Backstrom wins face-off versus Robert Nilsson in Canucks zone.
10:46 of 2nd period - Slapshot by Alex Goligoski.
10:46 of 2nd period - Shot Misses the Net.
11:08 of 2nd period - Wrist shot by Nick Palmieri.
11:08 of 2nd period - Shot Misses the Net.
11:10 of 2nd period - Slapshot by Nick Palmieri.
11:10 of 2nd period - Stopped by Carey Price with a rebound.
11:12 of 2nd period - Wrist shot by Derek Roy.
11:12 of 2nd period - Deflect By Jamie Benn.
11:12 of 2nd period - Stopped by Carey Price without a rebound.
11:13 of 2nd period - Nicklas Backstrom wins face-off versus Robert Nilsson in Blues zone.
11:20 of 2nd period - Snap shot by Nicklas Backstrom.
11:20 of 2nd period - Stopped by Keith Kinkaid with a rebound.
11:46 of 2nd period - Off-side.
11:47 of 2nd period - Nicklas Backstrom wins face-off versus Derek Roy in neutral zone.
11:59 of 2nd period - Minor Penalty to Filip Forsberg for Hooking.
12:00 of 2nd period - Drew Shore wins face-off versus Robert Nilsson in Blues zone.
12:31 of 2nd period - Tyler Johnson is hit by Jamie Benn and loses puck.
12:42 of 2nd period - Slapshot by Alex Goligoski.
12:42 of 2nd period - Goal by Alex Goligoski - Canucks : 1 - Blues : 2.
12:43 of 2nd period - Robert Nilsson wins face-off versus Devin Shore in neutral zone.
15:13 of 2nd period - Icing by Ryan Murray.
15:14 of 2nd period - Drew Shore wins face-off versus Cody Eakin in Blues zone.
15:53 of 2nd period - Snap shot by Nicklas Backstrom.
15:53 of 2nd period - Shot Hit the Post.
16:32 of 2nd period - Alex Pietrangelo is hit by Jamie Benn.
17:20 of 2nd period - Snap shot by Robert Nilsson.
17:20 of 2nd period - Shot Misses the Net.
17:22 of 2nd period - Wrist shot by Sam Gagner.
17:22 of 2nd period - Stopped by Carey Price with a rebound.
17:24 of 2nd period - Snap shot by Sam Gagner.
17:24 of 2nd period - Deflect By Robert Nilsson.
17:24 of 2nd period - Stopped by Carey Price with a rebound.
17:38 of 2nd period - Wrist shot by Nick Palmieri.
17:38 of 2nd period - Shot Misses the Net.
17:40 of 2nd period - Slapshot by Drew Doughty.
17:40 of 2nd period - Shot Misses the Net.
17:42 of 2nd period - Snap shot by Derek Roy.
17:42 of 2nd period - Shot Blocked by Riley Sheahan.
17:44 of 2nd period - Wrist shot by Nick Palmieri.
17:44 of 2nd period - Shot Misses the Net.
17:58 of 2nd period - Slapshot by Maxim Talbot.
17:58 of 2nd period - Stopped by Carey Price with a rebound.
18:16 of 2nd period - Slapshot by Drew Doughty.
18:16 of 2nd period - Shot Misses the Net.
19:02 of 2nd period - Yann Sauvé is hit by David Perron and loses puck.
19:13 of 2nd period - Slapshot by David Perron.
19:13 of 2nd period - Stopped by Keith Kinkaid with a rebound.
19:25 of 2nd period - Linus Omark is hit by Sam Gagner and loses puck.
19:49 of 2nd period - Drew Shore is hit by Alexander Steen and loses puck.
Goals for this period are 1 for Canucks vs 1 for Blues.
Shots for this period are 10 for Canucks vs 8 for Blues.

3rd period


0:01 of 3rd period - Nicklas Backstrom wins face-off versus Robert Nilsson in neutral zone.
0:26 of 3rd period - Ryan Murray is hit by Derek Roy and loses puck.
1:08 of 3rd period - Icing by Brandon Montour.
1:09 of 3rd period - Robert Nilsson wins face-off versus Auston Matthews in Blues zone.
1:31 of 3rd period - Ladislav Smid is hit by Derek Roy and loses puck.
1:42 of 3rd period - Slapshot by Derek Roy.
1:42 of 3rd period - Stopped by Carey Price without a rebound.
1:43 of 3rd period - Tyler Johnson wins face-off versus Robert Nilsson in Blues zone.
2:10 of 3rd period - Riley Sheahan is hit by Jeff Schultz and loses puck.
2:52 of 3rd period - Snap shot by Maxim Talbot.
2:52 of 3rd period - Shot Misses the Net.
2:54 of 3rd period - Snap shot by Maxim Talbot.
2:54 of 3rd period - Goal by Maxim Talbot - Canucks : 2 - Blues : 2.
2:55 of 3rd period - Nicklas Backstrom wins face-off versus Robert Nilsson in neutral zone.
3:27 of 3rd period - Off-side.
3:28 of 3rd period - Anthony Mantha wins face-off versus Derek Roy in neutral zone.
4:04 of 3rd period - Slapshot by Filip Forsberg.
4:04 of 3rd period - Shot Misses the Net.
4:06 of 3rd period - Wrist shot by Nicklas Backstrom.
4:06 of 3rd period - Stopped by Keith Kinkaid without a rebound.
4:07 of 3rd period - Robert Nilsson wins face-off versus Nicklas Backstrom in Canucks zone.
4:12 of 3rd period - Alex Pietrangelo is hit by Sam Gagner and loses puck.
4:33 of 3rd period - Tyler Johnson is hit by Fabian Brunnstrom and loses puck.
4:44 of 3rd period - Slapshot by Drew Doughty.
4:44 of 3rd period - Deflect By Alex Pietrangelo.
4:44 of 3rd period - Stopped by Carey Price without a rebound.
4:45 of 3rd period - Devin Shore wins face-off versus Robert Nilsson in Blues zone.
4:50 of 3rd period - Slapshot by Robert Nilsson.
4:50 of 3rd period - Stopped by Carey Price with a rebound.
5:07 of 3rd period - Minor Penalty to Sam Gagner for Cross-checking.
5:08 of 3rd period - Robert Nilsson wins face-off versus Nicklas Backstrom in Canucks zone.
5:24 of 3rd period - Snap shot by Filip Forsberg.
5:24 of 3rd period - Stopped by Keith Kinkaid with a rebound.
5:45 of 3rd period - Drew Doughty is hit by Devin Shore and loses puck.
6:06 of 3rd period - Ryan Murray is hit by Robert Nilsson.
7:07 of 3rd period - Penalty to Sam Gagner is over, Sam Gagner is back on ice.
8:12 of 3rd period - Derek Roy is hit by Filip Forsberg and loses puck.
8:54 of 3rd period - Icing by Drew Shore.
8:55 of 3rd period - Drew Shore wins face-off versus Robert Nilsson in Blues zone.
9:04 of 3rd period - Jeff Schultz is hit by Drew Shore and loses puck.
9:23 of 3rd period - Wrist shot by Maxim Talbot.
9:23 of 3rd period - Stopped by Carey Price with a rebound.
9:33 of 3rd period - Wrist shot by Drew Shore.
9:33 of 3rd period - Stopped by Keith Kinkaid without a rebound.
9:34 of 3rd period - Robert Nilsson wins face-off versus Nicklas Backstrom in Canucks zone.
9:34 of 3rd period - Robert Nilsson is hit by Alex Pietrangelo.
9:40 of 3rd period - Slapshot by Drew Doughty.
9:40 of 3rd period - Deflect By Sam Gagner.
9:40 of 3rd period - Shot Blocked by Nicklas Backstrom.
9:40 of 3rd period - Puck is out of play.
9:41 of 3rd period - Robert Nilsson wins face-off versus Nicklas Backstrom in Blues zone.
10:18 of 3rd period - Wrist shot by David Perron.
10:18 of 3rd period - Deflect By Riley Sheahan.
10:18 of 3rd period - Shot Misses the Net.
10:18 of 3rd period - Puck is out of play.
10:19 of 3rd period - Robert Nilsson wins face-off versus Nicklas Backstrom in Canucks zone.
10:32 of 3rd period - Cody Ceci is hit by Sam Gagner and loses puck.
10:57 of 3rd period - Wrist shot by Tyler Johnson.
10:57 of 3rd period - Stopped by Keith Kinkaid without a rebound.
10:58 of 3rd period - Robert Nilsson wins face-off versus Devin Shore in Canucks zone.
10:58 of 3rd period - Robert Nilsson is hit by Alex Pietrangelo.
11:13 of 3rd period - Off-side.
11:14 of 3rd period - Auston Matthews wins face-off versus Sam Gagner in neutral zone.
11:27 of 3rd period - Wrist shot by Sam Gagner.
11:27 of 3rd period - Stopped by Carey Price with a rebound.
11:29 of 3rd period - Slapshot by Michael Kostka.
11:29 of 3rd period - Stopped by Carey Price with a rebound.
11:48 of 3rd period - Alex Pietrangelo is hit by Michael Kostka and loses puck.
12:11 of 3rd period - Jacob Slavin is hit by Michael Kostka and loses puck.
12:50 of 3rd period - Icing by Brandon Montour.
12:51 of 3rd period - Auston Matthews wins face-off versus Derek Roy in Blues zone.
13:04 of 3rd period - Jamie Benn is hit by Ladislav Smid and loses puck.
13:11 of 3rd period - Snap shot by Linus Omark.
13:11 of 3rd period - Stopped by Keith Kinkaid without a rebound.
13:12 of 3rd period - Nicklas Backstrom wins face-off versus Robert Nilsson in Canucks zone.
13:23 of 3rd period - Backhand shot by Alex Pietrangelo.
13:23 of 3rd period - Stopped by Keith Kinkaid without a rebound.
13:24 of 3rd period - Nicklas Backstrom wins face-off versus Robert Nilsson in Canucks zone.
14:02 of 3rd period - Minor Penalty to Jacob Slavin for Tripping.
14:03 of 3rd period - Drew Shore wins face-off versus Robert Nilsson in Blues zone.
14:03 of 3rd period - Drew Shore is hit by Alex Goligoski.
14:11 of 3rd period - Drew Doughty is hit by Tyler Johnson and loses puck.
15:03 of 3rd period - Off-side.
15:04 of 3rd period - Derek Roy wins face-off versus Patrick Kaleta in neutral zone.
15:06 of 3rd period - Off-side.
15:07 of 3rd period - Derek Roy wins face-off versus Drew Shore in neutral zone.
15:10 of 3rd period - Tyler Johnson is hit by Jamie Benn and loses puck.
15:19 of 3rd period - Wrist shot by Nick Palmieri.
15:19 of 3rd period - Shot Misses the Net.
15:21 of 3rd period - Wrist shot by Jamie Benn.
15:21 of 3rd period - Stopped by Carey Price without a rebound.
15:22 of 3rd period - Drew Shore wins face-off versus Corey Perry in Blues zone.
15:22 of 3rd period - Drew Shore is hit by Sam Gagner.
15:38 of 3rd period - Slapshot by Drew Doughty.
15:38 of 3rd period - Shot Blocked by Ryan Murray.
16:02 of 3rd period - Penalty to Jacob Slavin is over, Jacob Slavin is back on ice.
16:09 of 3rd period - Snap shot by Anthony Mantha.
16:09 of 3rd period - Stopped by Keith Kinkaid without a rebound.
16:10 of 3rd period - Fabian Brunnstrom wins face-off versus Auston Matthews in Canucks zone.
16:17 of 3rd period - Wrist shot by Linus Omark.
16:17 of 3rd period - Shot Blocked by Drew Doughty.
16:19 of 3rd period - Slapshot by Brandon Montour.
16:19 of 3rd period - Stopped by Keith Kinkaid with a rebound.
16:36 of 3rd period - Wrist shot by Fabian Brunnstrom.
16:36 of 3rd period - Shot Blocked by Ladislav Smid.
16:46 of 3rd period - Alex Goligoski is hit by Ladislav Smid and loses puck.
17:13 of 3rd period - Snap shot by Alex Goligoski.
17:13 of 3rd period - Shot Blocked by Anthony Mantha.
17:21 of 3rd period - Slapshot by Ladislav Smid.
17:21 of 3rd period - Shot Blocked by Yann Sauvé.
18:20 of 3rd period - Wrist shot by Linus Omark.
18:20 of 3rd period - Shot Misses the Net.
18:22 of 3rd period - Slapshot by Brandon Montour.
18:22 of 3rd period - Deflect By Linus Omark.
18:22 of 3rd period - Shot Misses the Net.
18:22 of 3rd period - Puck is out of play.
18:23 of 3rd period - Nicklas Backstrom wins face-off versus Robert Nilsson in Canucks zone.
18:26 of 3rd period - Snap shot by Filip Forsberg.
18:26 of 3rd period - Shot Blocked by Michael Kostka.
18:28 of 3rd period - Minor Penalty to Robert Nilsson for Roughing.
18:29 of 3rd period - Maxim Talbot wins face-off versus Nicklas Backstrom in Canucks zone.
18:56 of 3rd period - Drew Doughty is hit by David Perron and loses puck.
19:03 of 3rd period - Slapshot by Alex Pietrangelo.
19:03 of 3rd period - Deflect By Michael Kostka.
19:03 of 3rd period - Stopped by Keith Kinkaid without a rebound.
19:04 of 3rd period - Nicklas Backstrom wins face-off versus Maxim Talbot in Canucks zone.
19:20 of 3rd period - Maxim Talbot is hit by Alex Pietrangelo and loses puck.
19:45 of 3rd period - Ryan Murray is hit by Alexander Steen and loses puck.
Goals for this period are 1 for Canucks vs 0 for Blues.
Shots for this period are 8 for Canucks vs 9 for Blues.

Overtime #1


0:01 of 1st overtime period - Maxim Talbot wins face-off versus Nicklas Backstrom in neutral zone.
0:08 of 1st overtime period - Snap shot by Michael Kostka.
0:08 of 1st overtime period - Shot Blocked by Alex Pietrangelo.
0:28 of 1st overtime period - Penalty to Robert Nilsson is over, Robert Nilsson is back on ice.
0:59 of 1st overtime period - Snap shot by Robert Nilsson.
0:59 of 1st overtime period - Stopped by Carey Price without a rebound.
1:00 of 1st overtime period - Nicklas Backstrom wins face-off versus Sam Gagner in Blues zone.
1:33 of 1st overtime period - Slapshot by Tyler Johnson.
1:33 of 1st overtime period - Stopped by Keith Kinkaid without a rebound.
1:34 of 1st overtime period - Fabian Brunnstrom wins face-off versus Filip Forsberg in Canucks zone.
1:51 of 1st overtime period - Yann Sauvé is hit by Cody Ceci and loses puck.
2:20 of 1st overtime period - Anthony Mantha is hit by Fabian Brunnstrom and loses puck.
2:39 of 1st overtime period - Nicklas Backstrom is hit by Alex Goligoski.
3:26 of 1st overtime period - Wrist shot by Jason Akeson.
3:26 of 1st overtime period - Shot Blocked by Alex Pietrangelo.
3:28 of 1st overtime period - Wrist shot by Fabian Brunnstrom.
3:28 of 1st overtime period - Shot Misses the Net.
3:42 of 1st overtime period - Alex Pietrangelo is hit by Michael Kostka and loses puck.
4:16 of 1st overtime period - Alex Pietrangelo is hit by Corey Perry and loses puck.
4:35 of 1st overtime period - Cody Ceci is hit by Derek Roy and loses puck.
4:42 of 1st overtime period - Slapshot by Jacob Slavin.
4:42 of 1st overtime period - Shot Blocked by Corey Perry.
4:54 of 1st overtime period - Wrist shot by David Perron.
4:54 of 1st overtime period - Shot Blocked by Derek Roy.
Goals for this period are 0 for Canucks vs 0 for Blues.
Shots for this period are 1 for Canucks vs 1 for Blues.

ShootOut


5:00 of 1st overtime period - Round #1.
5:00 of 1st overtime period - Canucks, Derek Roy.
5:00 of 1st overtime period - Wrist shot by Derek Roy.
5:00 of 1st overtime period - Goal by Derek Roy.
5:00 of 1st overtime period - Blues, David Perron.
5:00 of 1st overtime period - Deke by David Perron.
5:00 of 1st overtime period - Goal by David Perron.
5:00 of 1st overtime period - Round #2.
5:00 of 1st overtime period - Canucks, Robert Nilsson.
5:00 of 1st overtime period - Backhand shot by Robert Nilsson.
5:00 of 1st overtime period - Shot Misses the Net.
5:00 of 1st overtime period - Blues, Auston Matthews.
5:00 of 1st overtime period - Snap shot by Auston Matthews.
5:00 of 1st overtime period - Goal by Auston Matthews.
5:00 of 1st overtime period - Round #3.
5:00 of 1st overtime period - Canucks, Drew Doughty.
5:00 of 1st overtime period - Snap shot by Drew Doughty.
5:00 of 1st overtime period - Shot Misses the Net.